 Dungeon Crawl Stone Soup version 0.31-a0-486-g8d68a81214 (webtiles) character file.

Game seed: 2979174952114696531

5641 CraigForest the Carver (level 10, -2/76 HPs)
             Began as a Merfolk Gladiator on Aug 8, 2023.
             Was the Champion of Jiyva.
             Slain by Grum
             ... wielding a +0 spear
              (8 damage)
             ... on level 9 of the Dungeon.
             The game lasted 00:23:20 (7212 turns).

CraigForest the Carver (Merfolk Gladiator)          Turns: 7212, Time: 00:23:20

Health: -2/76      AC: 17    Str: 13    XL:     10   Next: 74%
Magic:  12/12      EV:  0    Int:  8    God:    Jiyva [******]
Gold:   358        SH: 27    Dex: 20    Spells: 9/9 levels left

rFire   . . .        n - +2 falchion (protect)
rCold   + . .        x - +6 tower shield "Jahazej" {Rampage rC+ Regen+ Dex-3}
rNeg    . . .        v - +0 crystal plate armour
rPois   .            c - melded +0 helmet
rElec   .            (cloak currently unavailable)
rCorr   +            (gloves currently unavailable)
SInv    .            (boots currently unavailable)
Will    +++..        (no amulet) Stlth
                     k - ring of willpower
HPRegen 2.72/turn    B - ring of willpower
MPRegen 0.63/turn

%: rampage
@: beast-form, under a protective aura, very quick
A: beast (slay +3), nimble swimmer 2, mertail, antennae 1, large bone plates 1,
agile 1, high MP 2, strong-willed 1, pseudopods 1, evolution 1
a: Begin Untransformation, Renounce Religion, Oozemancy, Slimify


You were on level 9 of the Dungeon.
You worshipped Jiyva.
Jiyva was exalted by your worship.
You were a hulking beast.
You visited 1 branch of the dungeon, and saw 9 of its levels.

You collected 358 gold pieces.

Inventory:

Hand Weapons
 a - a +0 long sword
 n - a +2 falchion of protection (weapon)
 y - a +2 quarterstaff of chaos
Missiles
 d - 3 throwing nets (quivered)
 e - a javelin
 l - 6 poisoned darts
Armour
 b - a +0 leather armour
 c - a +0 helmet (melded)
 o - a +0 scale mail
 v - a +0 crystal plate armour (worn)
 x - the +6 tower shield "Jahazej" (worn) {Rampage rC+ Regen+ Dex-3}
   (You found it on level 5 of the Dungeon)

   Dex:       It affects your dexterity (-3).
   rC:        It protects you from cold.
   Regen:     It increases your rate of health regeneration.
   Rampage:   It bestows one free step when moving towards enemies.
 z - a +1 cloak
 E - a +0 pair of gloves
Jewellery
 k - a ring of willpower (left hand)
 B - a ring of willpower (right hand)
Talismans
 g - a maw talisman
 i - a serpent talisman
 r - a beast talisman (active)
Scrolls
 f - a scroll of silence {unknown}
 j - a scroll of immolation {unknown}
 m - 3 scrolls of teleportation
 s - a scroll of revelation {unknown}
 A - a scroll of poison {unknown}
 D - a scroll of fear {unknown}
Potions
 q - 2 potions of brilliance
 u - a potion of invisibility {unknown}
 w - 2 potions of cancellation
 C - a potion of haste {unknown}
 F - a potion of ambrosia {unknown}


   Skills:
 + Level 5.8 Fighting
 + Level 9.8 Long Blades
 + Level 2.2 Throwing
 + Level 4.9 Armour
 - Level 5.4 Dodging
 - Level 2.0 Stealth
 * Level 9.0 Shields
 + Level 5.5 Shapeshifting


You had 9 spell levels left.
You didn't know any spells.
Your spell library contained the following spells:

 Spells                   Type           Power      Damage    Failure   Level
 Slow                     Hex            0%         N/A       100%        1
 Ensorcelled Hibernation  Hex/Ice        0%         N/A       100%        2
 Passwall                 Tmut/Erth      0%         N/A       100%        2
 Confusing Touch          Hex            0%         N/A       100%        3
 Dazzling Flash           Conj/Hex       0%         N/A       100%        3
 Swiftness                Air            0%         N/A       100%        3
 Vampiric Draining        Necr           0%         2d6       100%        3
 Volatile Blastmotes      Fire/Tloc      0%         2d10      100%        3
 Starburst                Conj/Fire      0%         6d3       100%        6
 Maxwell's Capacitive Co  Air            0%         ∞         100%        8


Dungeon Overview and Level Annotations

Branches:
Dungeon (9/15)             Temple (0/1) D:4
   Lair: D:8-11         Orc: D:9-12

Altars:
Cheibriados
Dithmenos
Elyvilon
Fedhas
Kikubaaqudgha
Makhleb
Qazlal
Uskayaw
Wu Jian
Xom
Zin
Jiyva

Annotations:
D:9 Grum


Innate Abilities, Weirdness & Mutations

You are a hulking beast.
Your limbs bulge with bestial killing power. (Slay +3)
You are very nimble when in or above water. (Stealth+, EV+, Speed+++)
Your lower body shifts to a powerful aquatic tail in water.
You have a pair of small antennae on your head.
You are partially covered in large bone plates. (SH +4)
You are agile. (Dex +4, Str/Int -1)
You have a considerably increased reservoir of magic. (+20% MP)
You are strong-willed. (Will+)
Armour fits poorly on your pseudopods.
You have hidden genetic potential.


Message History

* * * LOW HITPOINT WARNING * * *
The yak gores you but does no damage.
You slash the wolf!
You kill the wolf!
You block the wolf's attack. x2; You block the yak's attack.
The yak gores you but does no damage.
Grum hits you from afar with a +0 spear.
* * * LOW HITPOINT WARNING * * *
Your Shields skill increases to level 9!
The wolf splashes around in the water.
Things that are here:
a wolf corpse; a yak corpse Unknown command.
You rampage towards the yak!
You slash the yak! You bludgeon the yak.
The yak is moderately wounded.
The wolf splashes around in the water.
You block the yak's attack. The yak gores you.
* * * LOW HITPOINT WARNING * * *
You block Grum's attack. The wolf bites you!
* * * LOW HITPOINT WARNING * * *
You block Grum's attack.
Things that are here:
a wolf corpse; a yak corpse You closely miss the yak.
The yak is moderately wounded.
You block the yak's attack. You block Grum's attack.
The wolf bites you but does no damage.
You slash the yak! You bludgeon the yak.
The yak is severely wounded.
You block the wolf's attack. The yak gores you but does no damage.
You block Grum's attack. The wolf bites you but does no damage.
You hit the yak. Your bludgeon misses the yak.
The yak is almost dead.
You block the wolf's attack. You block the yak's attack. The yak gores you.
* * * LOW HITPOINT WARNING * * *
The yak gores you!
* * * LOW HITPOINT WARNING * * *
Grum stares intently and grunts.
Grum hits you from afar with a +0 spear!
You die...

...........#####
..#######......#
..'............#
########(....#
#.....# #....(#
#.....# #...hY#
###...Yh#
#.....Y≈#
#....g..#
#............#
#............#
########.......
....... .....[>
...####


You could see Grum, 3 yaks and a wolf.

Vanquished Creatures
  A two-headed ogre (D:8)
  Pikel (D:5)
  A hornet (D:7)
  Grinder (D:5)
  2 yaks (D:9)
  Sigmund (D:5)
  A wyvern (D:9)
  A steam dragon (D:7)
  Eustachio (D:5)
  3 swamp worms (D:8)
  A water moccasin (D:7)
  Duvessa (D:7)
  An orc warrior (D:8)
  A sky beast (D:7)
  3 ice beasts
  3 wolves (D:9)
  2 ogres
  3 centaurs
  Blork the orc (D:5)
  A kobold brigand (D:8)
  5 bullfrogs
  A scorpion (D:6)
  7 wights
  Dowan (D:7)
  4 killer bees (D:9)
  3 electric eels (D:6)
  2 howler monkeys
  An orc priest (D:3)
  2 hounds
  A sleepcap (D:7)
  Crazy Yiuf (D:5)
  An iguana (D:7)
  5 orc wizards
  A gnoll (D:4)
  3 adders
  A shadow imp (D:7)
  2 ufetubi
  A dart slug (D:1)
  18 orcs
  3 endoplasms (D:1)
  2 giant cockroaches (D:2)
  6 goblins
  9 hobgoblins
  6 jackals
  A quokka (D:4)
  3 ball pythons
  10 bats
  5 frilled lizards
  8 kobolds
  A rat (D:2)
144 creatures vanquished.

Vanquished Creatures (collateral kills)
  Menkaure (D:7)
1 creature vanquished.

Vanquished Creatures (others)
  Pargi (D:3)
  An ice beast (D:5)
  A centaur (D:6)
  A bullfrog (D:6)
  A howler monkey (D:7)
  16 jellies
  An electric eel (D:6)
  An orc wizard (D:6)
  2 gnolls (D:4)
  An adder (D:5)
  A shadow imp (D:6)
  An endoplasm (D:4)
  6 orcs
  A ball python (D:2)
  A bat (D:2)
  2 giant cockroaches
  A hobgoblin (D:2)
  A kobold (D:8)
  A quokka (D:2)
  A goblin (D:2)
42 creatures vanquished.

Grand Total: 187 creatures vanquished

Notes
Turn   | Place    | Note
-------+----------+-------------------------------------------
     0 | D:1      | CraigForest the Merfolk Gladiator began the quest for the
                  | Orb.
     0 | D:1      | Reached XP level 1. HP: 16/16 MP: 1/1
   121 | D:1      | Reached XP level 2. HP: 22/22 MP: 2/2
   341 | D:1      | Found a faded altar of an unknown god.
   388 | D:1      | Reached XP level 3. HP: 25/27 MP: 3/3
   628 | D:1      | Prayed at the altar of an unknown god.
   628 | D:1      | Became a worshipper of Jiyva Jikhar the Shapeless
   628 | D:1      | Reached * piety under Jiyva
  1332 | D:2      | Reached ** piety under Jiyva
  1726 | D:3      | Reached skill level 5 in Dodging
  1739 | D:3      | Reached XP level 4. HP: 30/34 MP: 4/4
  1740 | D:3      | Reached skill level 1 in Armour
  1753 | D:3      | Found a blossoming altar of Fedhas.
  1883 | D:3      | Reached XP level 5. HP: 12/40 MP: 5/5
  1896 | D:3      | Reached skill level 1 in Stealth
  2076 | D:3      | Found a hide-covered altar of Uskayaw.
  2138 | D:3      | Reached *** piety under Jiyva
  2143 | D:3      | Gained mutation: You are agile. (Dex +4, Str/Int -1)
                  | [Jiyva's grace]
  2143 | D:3      | Gained mutation: You are very agile. (Dex +8, Str/Int -2)
                  | [Jiyva's grace]
  2143 | D:3      | Gained mutation: You expend magic power (3 MP) to
                  | strengthen your wands. [Jiyva's grace]
  2143 | D:3      | Gained mutation: Your spells are a little harder to cast,
                  | but a little more powerful. [Jiyva's grace]
  2174 | D:3      | Killed Pargi
  2214 | D:3      | Reached skill level 5 in Long Blades
  2436 | D:4      | Found a burning altar of Makhleb.
  2554 | D:4      | Found a shimmering blue altar of Sif Muna.
  2557 | D:4      | Found a white marble altar of Elyvilon.
  2557 | D:4      | Found a shadowy altar of Dithmenos.
  2559 | D:4      | Found an ancient bone altar of Kikubaaqudgha.
  2559 | D:4      | Found a shimmering altar of Xom.
  2559 | D:4      | Found a snail-covered altar of Cheibriados.
  2659 | D:4      | Reached **** piety under Jiyva
  2669 | D:4      | Found a staircase to the Ecumenical Temple.
  2743 | D:4      | Found an ornate altar of the Wu Jian Council.
  2821 | D:4      | Noticed an ogre
  3151 | D:5      | Entered Level 5 of the Dungeon
  3151 | D:5      | Noticed Sigmund
  3159 | D:5      | Killed Sigmund
  3160 | D:5      | Reached XP level 6. HP: 47/47 MP: 6/6
  3181 | D:5      | Identified the +6 tower shield "Jahazej" {Rampage rC+
                  | Regen+ Dex-3}
  3188 | D:5      | Noticed Blork the orc
  3204 | D:5      | Killed Blork the orc
  3205 | D:5      | Reached skill level 1 in Shapeshifting
  3236 | D:5      | Reached XP level 7. HP: 52/52 MP: 7/7
  3467 | D:5      | Noticed Grinder
  3474 | D:5      | Noticed Pikel
  3480 | D:5      | Killed Grinder
  3498 | D:5      | Killed Pikel
  3499 | D:5      | Reached XP level 8. HP: 58/61 MP: 8/8
  3592 | D:5      | Noticed Eustachio
  3620 | D:5      | Killed Eustachio
  3621 | D:5      | Reached skill level 1 in Shields
  3831 | D:5      | Found a glowing silver altar of Zin.
  3868 | D:5      | Reached ***** piety under Jiyva
  3938 | D:5      | Found a runed translucent door.
  3939 | D:5      | Noticed Crazy Yiuf
  4171 | D:5      | Killed Crazy Yiuf
  4469 | D:6      | Found an ancient bone altar of Kikubaaqudgha.
  4679 | D:6      | Reached XP level 9. HP: 66/66 MP: 9/9
  5064 | D:6      | Lost mutation: You expend magic power (3 MP) to strengthen
                  | your wands. [Jiyva's grace]
  5064 | D:6      | Gained mutation: You have an increased reservoir of magic.
                  | (+10% MP) [Jiyva's grace]
  5064 | D:6      | Gained mutation: You have a considerably increased
                  | reservoir of magic. (+20% MP) [Jiyva's grace]
  5064 | D:6      | Gained mutation: You have a greatly increased reservoir of
                  | magic. (+30% MP) [Jiyva's grace]
  5064 | D:6      | Gained mutation: Your melee attacks may engulf your foes in
                  | ooze. [Jiyva's grace]
  5302 | D:6      | Found a snail-covered altar of Cheibriados.
  5408 | D:7      | Noticed Dowan
  5411 | D:7      | Noticed Duvessa
  5415 | D:7      | Killed Duvessa
  5418 | D:7      | Killed Dowan
  5461 | D:7      | Reached skill level 5 in Shields
  5473 | D:7      | Reached skill level 5 in Fighting
  5528 | D:7      | Reached ****** piety under Jiyva
  5538 | D:7      | Noticed a hornet
  5543 | D:7      | Killed a hornet
  5544 | D:7      | Reached skill level 5 in Shapeshifting
  5995 | D:7      | Noticed Menkaure
  6000 | D:7      | Killed Menkaure
  6001 | D:7      | Reached XP level 10. HP: 21/74 MP: 13/13
  6103 | D:8      | Found a stormy altar of Qazlal.
  6111 | D:8      | Noticed a two-headed ogre
  6132 | D:8      | Killed a two-headed ogre
  6426 | D:8      | Lost mutation: You are very agile. (Dex +8, Str/Int -2)
                  | [Jiyva's grace]
  6426 | D:8      | Lost mutation: You have a greatly increased reservoir of
                  | magic. (+30% MP) [Jiyva's grace]
  6426 | D:8      | Lost mutation: Your spells are a little harder to cast, but
                  | a little more powerful. [Jiyva's grace]
  6426 | D:8      | Lost mutation: Your melee attacks may engulf your foes in
                  | ooze. [Jiyva's grace]
  6426 | D:8      | Gained mutation: Armour fits poorly on your pseudopods.
                  | [Jiyva's grace]
  6426 | D:8      | Gained mutation: Armour fits poorly on your large
                  | pseudopods. [Jiyva's grace]
  6426 | D:8      | Gained mutation: Armour fits poorly on your massive
                  | pseudopods. [Jiyva's grace]
  6426 | D:8      | Gained mutation: You are strong-willed. (Will+) [Jiyva's
                  | grace]
  6427 | D:8      | Lost mutation: Armour fits poorly on your massive
                  | pseudopods. [potion of mutation]
  6427 | D:8      | Lost mutation: Armour fits poorly on your large pseudopods.
                  | [potion of mutation]
  6427 | D:8      | Gained mutation: You have hidden genetic potential. [potion
                  | of mutation]
  6427 | D:8      | Gained mutation: You have a pair of small antennae on your
                  | head. [potion of mutation]
  6427 | D:8      | Gained mutation: You are partially covered in large bone
                  | plates. (SH +4) [potion of mutation]
  7182 | D:9      | Noticed Grum
  7212 | D:9      | Slain by Grum

Illustrated notes

Levels and vault maps discovered:
D:1:      dpeg_arrival_arbitrary_b, layout_rooms, basic_ecumenical_altar,
          hex_medium, hangedman_decor_opposing
D:2:      layout_loops_ring, st_stairs_5, kennysheep_generic_room_11
D:3:      layout_basic, mainiacjoe_overflow_swirl,
          nicolae_elevator_lobby_asterisk, uniq_pargi
D:4:      nicolae_cairo_tiling_large, layout_loops_ring,
          nzn_wu_jian_contemplation, lemuel_crystal_altar, doesnt_xom_only_xom,
          minmay_temple_entry_hall
D:5:      layout_basic, zin_statuary, kennysheep_generic_room_4,
          uniq_blork_the_orc, uniq_grinder, uniq_crazy_yiuf_cottage, uniq_pikel,
          uniq_sigmund, uniq_eustachio
D:6:      wad_lake_hut, layout_loops_corners, cheibriados_altar_1,
          kennysheep_little_box, nicolae_figureground_sparkle
D:7:      layout_basic, st_stairs_12, uniq_duvessa, uniq_menkaure
D:8:      layout_layer_cave, grunt_qazlal_clouds, worms_lemuel
D:9:      layout_basic, tso_metal_star, nicolae_zen_rock_garden, dk_vineyard_1,
          uniq_grum, uniq_psyche

Skill      XL: |  1  2  3  4  5  6  7  8  9 10 |
---------------+-------------------------------+-----
Long Blades    | 4 5 6 7 8 9 |  9.8
Dodging        | 5 |  5.4
Armour         | 1 2 3 4 |  4.9
Stealth        | 1 2 |  2.0
Fighting       | 3 4 5 |  5.8
Shapeshifting  | 1 3 4 5 |  5.5
Shields        | 3 6 9 |  9.0
Throwing       | |  2.2

Action                     |  1- 3 |  4- 6 |  7- 9 | 10-12 || total
---------------------------+-------+-------+-------+-------++-------
  Melee: Long sword        |   126 |     6 |       |       ||   132
         Falchion          |       |    89 |   208 |   148 ||   445
         Punch             |       |     1 |       |       ||     1
         Tailslap          |       |       |     3 |    10 ||    13
         Pseudopods        |       |       |       |    17 ||    17
    Use: Scroll            |       |       |       |     9 ||     9
         Potion            |       |       |       |     3 ||     3
   Stab: Sleeping          |     2 |     1 |       |       ||     3
 Armour: Leather armour    |    45 |    36 |       |       ||    81
         Crystal plate arm |       |    22 |   200 |   131 ||   353
  Dodge: Dodged            |   127 |    37 |     8 |     8 ||   180
  Block: Tower shield      |       |    18 |   307 |   321 ||   646
   Form: Beast             |       |     1 |       |       ||     1

Table legend: (Time is in decaauts)
 A = Elapsed time spent in this place.
 B = Non-inter-level travel time spent in this place.
 C = Inter-level travel time spent in this place.
 D = Time resting spent in this place.
 E = Time spent auto-exploring this place.
 F = Levels seen in this place.
 G = Mean time per level.
                   A        B        C        D        E       F      G
               +--------+--------+--------+--------+--------+-----+--------+
         Total |   7326 |   7143 |    183 |    414 |   4930 |   9 |  814.0 |
       Dungeon |   7326 |   7143 |    183 |    414 |   4930 |   9 |  814.0 |
               +--------+--------+--------+--------+--------+-----+--------+

Top non-repeatable levels by time:
     D:6: 1105 daAuts
     D:5: 1102 daAuts
     D:8: 1037 daAuts
     D:1: 959 daAuts
     D:7: 777 daAuts
     D:2: 762 daAuts
     D:4: 740 daAuts
     D:3: 718 daAuts
     D:9: 123 daAuts
